 Dungeon Crawl Stone Soup version 0.31-a0-544-gceb718ecc6 (webtiles) character file.

Game seed: 14031719567490144116

37 Arcadio the Stinger (level 3, 0/24 HPs)
             Began as a Formicid Venom Mage on Aug 15, 2023.
             Slain by a rat (3 damage)
             ... on level 1 of the Dungeon.
             The game lasted 00:05:52 (1568 turns).

Arcadio the Stinger (Formicid Venom Mage)           Turns: 1568, Time: 00:05:53

Health: 0/24       AC:  2    Str: 18    XL:     3   Next: 62%
Magic:  6/7        EV: 12    Int: 16    God:
Gold:   42         SH:  0    Dex: 14    Spells: 4/7 levels left

rFire   . . .        e - +1 dagger (elec)
rCold   . . .        (no shield)
rNeg    . . .        a - +0 robe
rPois   .            (helmet unavailable)
rElec   .            (no cloak)
rCorr   .            (no gloves)
SInv    +            (no boots)
Will    .....        (no amulet)
Stlth   ++           c - +6 ring of strength
HPRegen 0.24/turn    (no ring)
MPRegen 0.10/turn

%: no passive effects
@: lethally poisoned (0 -> -3)
A: permanent stasis, dig shafts and tunnels, antennae 3, four strong arms
a: Dig, Shaft Self


You were on level 1 of the Dungeon.
You visited 1 branch of the dungeon, and saw 2 of its levels.

You collected 42 gold pieces.

Inventory:

Hand Weapons
 e - a +1 dagger of electrocution (weapon)
Armour
 a - a +0 robe (worn)
 f - an orb of light
Jewellery
 c - a +6 ring of strength (left hand)
Scrolls
 d - a scroll of revelation {unknown}
Potions
 b - a potion of magic


   Skills:
 + Level 2.4 Dodging
 - Level 2.4 Stealth
 + Level 2.8 Spellcasting
 - Level 1.1 Transmutations
 + Level 4.7 Poison Magic


You had 4 spell levels left.
You knew the following spells:

 Your Spells              Type           Power      Damage    Failure   Level
a - Sting                 Tmut/Pois      44%        1d5       6%          1
b - Poisonous Vapours     Pois/Air       18%        N/A       11%         2

Your spell library contained the following spells:

 Spells                   Type           Power      Damage    Failure   Level
 Summon Small Mammal      Summ           8%         N/A       19%         1
 Olgreb's Toxic Radiance  Pois           17%        N/A       28%         4
 Mephitic Cloud           Conj/Pois/Air  7%         N/A       30%         3
 Ozocubu's Armour         Ice            2%         N/A       50%         3
 Ozocubu's Refrigeration  Ice            1%         4d7       100%        7


Dungeon Overview and Level Annotations

Branches:
Dungeon (2/15) Zot: 10431

Altars:


Innate Abilities, Weirdness & Mutations

You cannot be hasted, slowed, berserked, paralysed or teleported.
You can dig through walls and to a lower floor.
You have a pair of large antennae on your head. (SInv)
Your four strong arms can wield two-handed weapons with a shield.


Message History

The helpless goblin fails to defend itself.
You puncture the goblin!
You kill the goblin!
An adder comes into view.
An adder comes into view.
The rat barely misses you.
You completely miss the rat. The rat barely misses you.
You barely miss the rat. The rat bites you.
You barely miss the rat. The rat barely misses you.
The rat attacks as you move away! The rat bites you. The adder bites you. x2
The adder bites you.
You are poisoned.
The adder poisons you! The adder attacks as you move away!
The adder bites you but does no damage.
You feel sick. The rat attacks as you move away! The rat misses you.
A hobgoblin comes into view.
You feel sick. The adder bites you but does no damage.
There is a stone staircase leading up here.
You feel sick.
The hobgoblin shouts!
The adder bites you.
You are more poisoned.
The adder poisons you! The rat bites you but does no damage.
You climb upwards.
You feel sick.
There is a stone staircase leading down here.
Okay, then.
Casting: Sting (safe; 6% risk of failure)
Confirm with . or Enter, or press ? or * to list all spells.
Aiming: Sting (safe; 6% risk of failure)
Press: ? - help, Shift-Dir - straight line, f - adder
Aim: an adder (53% to hit)
The sting hits the adder.
The adder is poisoned.
The adder is lightly wounded.
* * * LOW HITPOINT WARNING * * *
You feel sick. The adder bites you.
* * * LOW HITPOINT WARNING * * *
The rat bites you.
You die...

.######..........##
.##.....#######...## .##.###.#
#.###.########## .##.###.# #.#
#..........# ........#
#.###.########.# ........#
##...## #.# ###.##### ##.## #.#
#.# ##S## #.##### #.# ##.@.##
#.#.... #.#### ##..r..## ##.#.###
#.##.## ##.......## ##.....#
###.#...####.........####..[#..#
...........'.........'.........#
#####...####.........####......##
##.## ##.......## ##..##.... #.#
##.....## #.##....##
#####.########...## ##.#.#.##


You could see an adder (poisoned) and a rat.

Vanquished Creatures
  3 dart slugs (D:1)
  An endoplasm (D:1)
  4 giant cockroaches (D:1)
  4 goblins
  3 hobgoblins (D:1)
  3 quokkas (D:1)
  3 ball pythons (D:1)
  2 bats (D:1)
  A frilled lizard (D:1)
  4 kobolds (D:1)
  A rat (D:1)
29 creatures vanquished.

Notes
Turn   | Place    | Note
-------+----------+-------------------------------------------
     0 | D:1      | Arcadio the Formicid Venom Mage began the quest for the
                  | Orb.
     0 | D:1      | Reached XP level 1. HP: 13/13 MP: 3/3
   337 | D:1      | Reached XP level 2. HP: 19/19 MP: 3/5
   557 | D:1      | Learned a level 2 spell: Poisonous Vapours
  1098 | D:1      | Reached XP level 3. HP: 21/24 MP: 0/6
  1347 | D:1      | Found a faded altar of an unknown god.
  1360 | D:1      | Got Plato's Meditations on the Swarm
  1568 | D:1      | Slain by a rat

Illustrated notes

Levels and vault maps discovered:
D:1:      psy_arrival_terrarium, layout_loops_corners,
          shapermc_ecumenical_altar_rom_forum, serial_park_tiny_1
D:2:      layout_rooms

Skill      XL: |  1 |
---------------+----+-----
Dodging        | 2 |  2.4
Stealth        | |  2.4
Spellcasting   | |  2.8
Transmutations | |  1.1
Poison Magic   | |  4.7

Action                     || total
---------------------------++-------
  Melee: Unarmed           ||     3
         Dagger            ||    29
   Cast: Sting             ||    36
         Poisonous Vapours ||     3
   Stab: Sleeping          ||     4
 Armour: Robe              ||     6
  Dodge: Dodged            ||    29

Table legend: (Time is in decaauts)
 A = Elapsed time spent in this place.
 B = Non-inter-level travel time spent in this place.
 C = Inter-level travel time spent in this place.
 D = Time resting spent in this place.
 E = Time spent auto-exploring this place.
 F = Levels seen in this place.
 G = Mean time per level.
                   A        B        C        D        E       F      G
               +--------+--------+--------+--------+--------+-----+--------+
         Total |   1567 |   1554 |     13 |    381 |    912 |   2 |  783.5 |
       Dungeon |   1567 |   1554 |     13 |    381 |    912 |   2 |  783.5 |
               +--------+--------+--------+--------+--------+-----+--------+

Top non-repeatable levels by time:
     D:1: 1551 daAuts
     D:2: 15 daAuts
